 Dungeon Crawl Stone Soup version 0.17.0-18-gaab0e96 (webtiles) character file.

40200 4thArraOfDagon the Severer (level 13, 0/118 HPs)
             Began as a Minotaur Fighter on Nov 11, 2015.
             Was a High Priest of Okawaru.
             Splashed by an oklob plant's acid (14 damage)
             ... on level 7 of the Lair of Beasts.
             The game lasted 00:44:42 (6681 turns).

4thArraOfDagon the Severer (Minotaur Fighter)       Turns: 6681, Time: 00:44:43

Health: 0/118      AC:  0    Str: 23    XL:     13   Next: 73%
Magic:  15/15      EV: 17    Int:  2    God:    Okawaru [*****.]
Gold:   740        SH: 23    Dex: 10    Spells: 3 memorised, 4 levels left

rFire  + + .     SeeInvis .     x - +2 war axe (drain)
rCold  + . .     Clarity  .     o - +1 troll leather armour
rNeg   + . .     SustAt   .     Q - +6 large shield of Ignorance {rN+ AC+2 EV+2 Int-6 *Curse} (curse)
rPois  .         Gourm    .     (helmet restricted)
rElec  .         Spirit   .     (no cloak)
rCorr  .         Warding  .     (no gloves)
rMut   .         Rnd*Tele +     N - +1 pair of boots {rF+}
MR     .....                    U - amulet of inaccuracy
Stlth  ++........               W - ring of ice
                                V - ring of protection from fire

@: heroism, corroded equipment, not resistant to hostile enchantments,
unstealthy
A: retaliatory headbutt, horns 2, fire resistance 1, regeneration 1, spit poison
1, teleportitis 1, subdued magic 1
a: Spit Poison, Heroism, Finesse, Renounce Religion


You were on level 7 of the Lair of Beasts.
You worshipped Okawaru.
Okawaru was extremely pleased with you.
You were not hungry.

You visited 4 branches of the dungeon, and saw 27 of its levels.
You also visited: Labyrinth, Bailey, Ice Cave and Volcano.

You collected 1638 gold pieces.
You spent 898 gold pieces at shops.

Inventory:

Hand Weapons
 a - a +1 war axe
 x - a +2 war axe of draining (weapon)
 H - a +0 executioner's axe
 L - a +1 war axe of flaming
Missiles
 F - 7 poisoned javelins
 J - 2 tomahawks of dispersal (quivered)
 K - 4 javelins of penetration
Armour
 c - a +0 shield
 o - a +1 troll leather armour (worn)
 q - a +0 plate armour
 A - a +1 plate armour of fire resistance
 N - a +1 pair of boots of fire resistance (worn)
 Q - the cursed +6 large shield of Ignorance (worn) {rN+ AC+2 EV+2 Int-6 *Curse}
   (You found it in a labyrinth)

   It affects your AC (+2).
   It affects your evasion (+2).
   It affects your intelligence (-6).
   It protects you from negative energy.
   It may re-curse itself when equipped.
   It has a curse placed upon it.
Magical Staves
 s - an uncursed staff of energy
Rods
 S - a +3 rod of inaccuracy (11/11)
   (You found it in a labyrinth)
 T - a +2 rod of the swarm (10/10)
   (You found it in a labyrinth)
Jewellery
 i - an uncursed ring of protection from magic
 k - an uncursed ring of poison resistance
 U - an amulet of inaccuracy (around neck)
 V - a ring of protection from fire (left hand)
 W - a ring of ice (right hand)
Wands
 n - a wand of cold (7)
 u - a wand of digging (0)
 y - a wand of frost (0)
 z - a wand of draining (2)
 B - a wand of flame (25)
 O - a wand of confusion (17)
 X - a wand of random effects (29)
Scrolls
 b - 4 scrolls of remove curse
 h - 2 scrolls of fog
 p - 3 scrolls of teleportation
 v - 2 scrolls of noise
 M - a scroll of enchant weapon
Potions
 g - 2 potions of curing {unknown}
 l - 4 potions of heal wounds {unknown}
 t - 3 potions of agility {unknown}
 w - a potion of might
 C - 4 potions of berserk rage {unknown}
 D - 2 potions of lignification
 G - a potion of resistance
Books
 E - a book of Enchantments

   Spells                             Type                      Level
   a - Cause Fear                     Hexes                        4
   b - Silence                        Hexes/Air                    5
   c - Deflect Missiles               Charms/Air                   6
   d - Haste                          Charms                       6
   e - Discord                        Hexes                        8
Miscellaneous
 r - a stone of tremors
Comestibles
 d - a beef jerky
 e - 7 bread rations
 f - 9 fruits
 j - 4 meat rations
 m - a slice of pizza


   Skills:
 - Level 12.0(17.0) Fighting
 * Level 18.6(23.6) Axes
 - Level 11.5(16.5) Armour
 - Level 10.3(15.3) Dodging
 - Level 3.6(8.6) Shields
 - Level 5.2 Invocations


You had 4 spell levels left.
You knew the following spells:

 Your Spells              Type           Power        Failure   Level  Hunger
a - Repel Missiles        Chrm/Air       #.....       100%        2    ###....
b - Blink                 Tloc           N/A          100%        2    ###....
c - Passage of Golubria   Tloc           N/A          100%        4    #####..


Dungeon Overview and Level Annotations

Branches:
Dungeon (14/15)            Temple (1/1) D:6            Lair (8/8) D:9
  Slime (0/6) Lair:7          Orc (4/4) D:12
  Swamp: Lair:3-6    Shoals: Lair:3-6     Snake: Lair:3-6    Spider: Lair:3-6
    Elf: Orc:3-4     Vaults: D:13-14

Altars:
Ashenzari
Dithmenos
Elyvilon
Fedhas
Gozag
Kikubaaqudgha
Makhleb
Nemelex Xobeh
Okawaru
Qazlal
Ru
Sif Muna
Trog
Vehumet
Xom
Yredelemnul
Zin
The Shining One
Beogh

Shops:
Orc:2 ?   Orc:3 :[   Orc:4 [(?*

Portals:
Trove: D:11 (give +4 demon whip)

Annotations:
D:4 Natasha
D:6 Menkaure
D:8 Erica, Erolcha
Lair:4 SPIDER
Lair:7 exclusion: 5 oklob plants
Orc:4 Rayvis's ghost, journeyman MiFi


Innate Abilities, Weirdness & Mutations

You reflexively headbutt those who attack you in melee.
You have a pair of horns on your head.
Your flesh is heat resistant.
Your natural rate of healing is unusually fast.
You can spit weak poison.
You are occasionally teleported to nearby monsters.
Your spells are a little easier to cast, but a little less powerful.


Message History

Unknown command.
Unknown command.
Unknown command.
Read which item? (? for menu, Esc to quit)
Okay, then.
Drink which item? (? for menu, Esc to quit)
Okay, then.
Unknown command.
Read which item? (? for menu, Esc to quit)
As you read the scroll of fog, it crumbles to dust.
The scroll dissolves into smoke.
The oklob plant spits acid at you. You block the splash of acid.
The acid corrodes you!
Unknown command.
Unknown command.
The oklob plant spits acid at you. The splash of acid hits you!
* * * LOW HITPOINT WARNING * * *
The acid corrodes you!
The acid burns!
You die...

###### # ## ##....#####.
####.#.
.###.....P.##..###....#.
.....§§§§§..............
Y.#..§§@#§..P.P.........
#..Y.§§§§§.PPP..........
.....PP§§§.PP...........
....P§P.....P....#..##..
PP....P..###.PP>...#.#..
..........##..P<:.##....
.P......P.#.............
.=..............P.......
..#..#..........PP...<..


You could see 2 oklob plants.

Vanquished Creatures
  An orc warlord (Orc:4)
  A dire elephant (Lair:8)
  The ghost of 4thArraOfDagon the Cleaver, a journeyman MiFi of Cheibriados (Orc:4)
  A minotaur (Lab)
  A catoblepas (Lair:8)
  2 hydras
  4 orc high priests (Orc:4)
  A deep troll shaman (Lair:8)
  9 death yaks (Lair:8)
  3 hill giants
  3 orc knights
  A manticore (D:13)
  3 orc sorcerers
  2 black mambas (Lair:3)
  4 elephants (Lair:8)
  5 spiny frogs
  A kobold demonologist (Bailey)
  A gargoyle (D:10)
  2 molten gargoyles (Volcano)
  A komodo dragon (Lair:5)
  A polar bear (Lair:4)
  3 trolls
  2 two-headed ogres (Orc:4)
  7 blink frogs
  4 slime creatures (D:13)
  A trapdoor spider (D:12)
  7 hippogriffs
  A wyvern (D:11)
  A fire bat (Volcano)
  2 hungry ghosts
  5 wolves (Lair:8)
  3 vampire mosquitoes (D:12)
  4 wargs
  4 porcupines
  An ice beast (D:12)
  2 eyes of draining
  3 water moccasins
  2 sky beasts
  3 black bears (Lair:8)
  48 orc warriors
  2 phantoms
  A centaur (D:11)
  5 crocodiles
  4 giant frogs
  10 ogres
  A gnoll sergeant (D:7)
  3 scorpions
  2 killer bees (D:9)
  An electric eel (Bailey)
  3 hounds
  A giant frog zombie (D:5)
  2 lava snakes (Volcano)
  2 jellies
  32 orc priests
  2 iguanas
  A centaur skeleton (D:7)
  17 orc wizards
  A giant frog skeleton (D:5)
  A hell rat (D:9)
  3 worker ants
  A killer bee zombie (D:7)
  2 hound zombies
  2 gnolls (Bailey)
  4 adders
  6 river rats
  A shadow imp (D:8)
  An ooze (D:5)
  2 worms
  3 giant geckos
  167 orcs
  2 bats
  A giant cockroach (D:1)
  4 hobgoblins
  6 jackals
  2 quokkas
  A giant newt (D:4)
  10 goblins
  2 fungi (Lair:7)
462 creatures vanquished.

Vanquished Creatures (others)
  An orc (Orc:1)
  17 fungi (Lair:8)
  2 plants
20 creatures vanquished.

Grand Total: 482 creatures vanquished

Notes
Turn   | Place    | Note
--------------------------------------------------------------
     0 | D:1      | 4thArraOfDagon the Minotaur Fighter began the quest for the Orb.
     0 | D:1      | Reached XP level 1. HP: 19/19 MP: 0/0
    98 | D:2      | Reached XP level 2. HP: 21/27 MP: 1/1
   138 | D:4      | chr
   144 | D:5      | Entered Level 5 of the Dungeon
   153 | D:5      | Reached skill level 4 in Fighting
   153 | D:5      | Reached skill level 1 in Dodging
   153 | D:5      | Reached XP level 3. HP: 14/33 MP: 2/2
   175 | D:5      | Noticed a scorpion
   183 | D:5      | Killed a scorpion
   183 | D:5      | Reached XP level 4. HP: 13/41 MP: 3/3
   212 | D:5      | Reached XP level 5. HP: 19/47 MP: 4/4
   258 | D:4      | Noticed Natasha
   338 | D:6      | Reached skill level 5 in Axes
   383 | D:6      | Noticed a phantom
   399 | D:6      | Noticed Menkaure
   415 | D:7      | HP: 2/47 [giant frog (1)]
   417 | D:7      | Reached skill level 5 in Fighting
   420 | D:7      | Reached XP level 6. HP: 3/56 MP: 5/5
   517 | D:7      | Noticed a hippogriff
   587 | D:7      | Got a dazzling quarterstaff
   598 | D:7      | Killed a hippogriff
   598 | D:7      | Reached skill level 6 in Axes
   743 | D:7      | Reached XP level 7. HP: 42/62 MP: 6/6
   792 | D:6      | Found a staircase to the Ecumenical Temple.
   799 | Temple   | Entered the Ecumenical Temple
   838 | Temple   | :(
   843 | Temple   | Became a worshipper of Warmaster Okawaru
   967 | D:8      | Reached skill level 7 in Axes
  1031 | D:8      | Gained mutation: Your spells are a little easier to cast, but a little less powerful. [mutagenic meat]
  1032 | D:8      | Gained mutation: You can spit weak poison. [mutagenic meat]
  1033 | D:8      | Gained mutation: Your natural rate of healing is unusually fast. [mutagenic meat]
  1034 | D:8      | Gained mutation: You are occasionally teleported to nearby monsters. [mutagenic meat]
  1035 | D:8      | Gained mutation: Your flesh is heat resistant. [mutagenic meat]
  1075 | D:8      | Reached skill level 1 in Invocations
  1092 | D:8      | Noticed Erolcha
  1095 | D:8      | Noticed Erica
  1136 | D:8      | Reached * piety under Okawaru
  1173 | D:9      | Reached skill level 8 in Axes
  1173 | D:9      | Reached XP level 8. HP: 52/71 MP: 5/8
  1177 | D:9      | Found a staircase to the Lair.
  1184 | D:9      | Noticed a spiny frog
  1184 | D:9      | Noticed a blink frog
  1262 | D:9      | Found an opulent altar of Gozag.
  1401 | D:10     | Entered Level 10 of the Dungeon
  1464 | D:11     | Noticed a troll
  1467 | D:11     | Killed a troll
  1467 | D:11     | Reached skill level 5 in Armour
  1468 | D:11     | Noticed a five-headed hydra
  1478 | D:10     | Noticed a gargoyle
  1488 | D:10     | Killed a gargoyle
  1488 | D:10     | Reached skill level 9 in Axes
  1488 | D:10     | Reached skill level 5 in Dodging
  1578 | D:10     | Reached ** piety under Okawaru
  1608 | D:10     | Noticed a hill giant
  1634 | D:10     | Killed a hill giant
  1634 | D:10     | Reached XP level 9. HP: 37/79 MP: 10/10
  1737 | D:11     | Noticed a seven-headed hydra
  1782 | D:11     | Noticed a hill giant
  1788 | D:11     | Reached skill level 10 in Axes
  1791 | D:11     | Killed a hill giant
  1791 | D:11     | Reached *** piety under Okawaru
  1838 | D:11     | Found a portal to a secret trove of treasure.
  1893 | D:12     | Noticed a hill giant
  1900 | D:12     | Killed a hill giant
  1903 | D:12     | Reached **** piety under Okawaru
  1903 | D:12     | Reached skill level 11 in Axes
  1903 | D:12     | Reached XP level 10. HP: 16/90 MP: 9/12
  2007 | D:12     | Found a staircase to the Orcish Mines.
  2056 | D:12     | f it
  2075 | Orc:1    | Entered Level 1 of the Orcish Mines
  2120 | D:12     | Reached skill level 5 in Invocations
  2179 | D:12     | Found a frozen archway.
  2186 | IceCv    | Entered an ice cave
  2186 | IceCv    | Noticed puimuR's ghost (novice DsBe)
  2429 | D:12     | Found a roughly hewn altar of Beogh.
  2621 | Orc:1    | Reached skill level 12 in Axes
  2707 | Orc:2    | Found Qurohue's Magic Scroll Boutique.
  2793 | Orc:2    | Found a flagged portal.
  2802 | Bailey   | Entered a bailey
  2883 | Bailey   | :D
  2900 | Bailey   | Noticed an orc sorcerer
  2920 | Bailey   | Killed an orc sorcerer
  2929 | Bailey   | Noticed a rust devil
  2945 | Bailey   | Found an iron altar of Okawaru.
  2978 | Bailey   | Noticed an orc knight
  2982 | Bailey   | Reached XP level 11. HP: 99/99 MP: 13/13
  2999 | Bailey   | Killed an orc knight
  3034 | Bailey   | Identified the Tome of Weightlessness (You found it in a bailey)
  3258 | Orc:3    | Found Wuunyihi's Book Shop.
  3268 | Orc:3    | Learned a level 2 spell: Repel Missiles
  3331 | Orc:1    | Noticed an orc sorcerer
  3345 | Orc:1    | Noticed a sun demon
  3347 | Orc:1    | Killed an orc sorcerer
  3418 | Orc:4    | Entered Level 4 of the Orcish Mines
  3440 | Orc:4    | Noticed 4thArraOfDagon's ghost (journeyman MiFi)
  3460 | Orc:4    | Reached skill level 10 in Fighting
  3488 | Orc:4    | Killed 4thArraOfDagon's ghost
  3488 | Orc:4    | Reached ***** piety under Okawaru
  3488 | Orc:4    | Reached skill level 13 in Axes
  3615 | Orc:3    | Found Qatzischi's Antique Armour Shop.
  3896 | Orc:4    | Found Ver Urie's Weapon Shoppe.
  3909 | Orc:4    | Found Vext's Armour Emporium.
  3927 | Orc:4    | :D
  3934 | Orc:4    | Found a roughly hewn altar of Beogh.
  3991 | Orc:4    | Noticed Rayvis's ghost (journeyman MiFi)
  4374 | Orc:3    | Found a bloodstained altar of Trog.
  4386 | Orc:3    | You fall through a shaft!
  4386 | Orc:4    | Noticed an orc high priest
  4393 | Orc:4    | Noticed an ice devil
  4395 | Orc:4    | Killed an orc high priest
  4398 | Orc:4    | Reached skill level 10 in Armour
  4455 | Orc:4    | Noticed an orc high priest
  4456 | Orc:4    | Noticed a soul eater
  4463 | Orc:4    | Reached skill level 14 in Axes
  4464 | Orc:4    | Killed an orc high priest
  4543 | Orc:4    | Reached XP level 12. HP: 90/108 MP: 11/14
  4593 | Orc:4    | Noticed an orc warlord
  4671 | Orc:4    | Killed an orc warlord
  4671 | Orc:4    | Received a gift from Okawaru
  4690 | Orc:4    | Found Nakkogg's Assorted Antiques.
  4690 | Orc:4    | Noticed an orc high priest
  4701 | Orc:4    | Killed an orc high priest
  4701 | Orc:4    | Received a gift from Okawaru
  4704 | Orc:4    | Bought a lumpy grey potion for 23 gold pieces
  4720 | Orc:4    | Found a roughly hewn altar of Beogh.
  4754 | Orc:4    | Noticed an orc high priest
  4755 | Orc:4    | Found Iduunet's Magic Scroll Shop.
  4764 | Orc:4    | Killed an orc high priest
  4776 | Orc:4    | Bought a scroll of acquirement for 728 gold pieces
  4776 | Orc:4    | Bought a scroll of teleportation for 42 gold pieces
  4776 | Orc:4    | Bought a scroll of enchant weapon for 105 gold pieces
  4897 | D:13     | Noticed a manticore
  4910 | D:13     | Received a gift from Okawaru
  4915 | D:13     | Killed a manticore
  5109 | D:9      | Reached skill level 15 in Axes
  5150 | D:9      | Killed a spiny frog
  5167 | Lair:1   | Entered Level 1 of the Lair of Beasts
  5243 | Lair:1   | Found a dark tunnel.
  5251 | Volcano  | Entered a volcano
  5423 | Volcano  | Found a burning altar of Makhleb.
  5429 | Volcano  | Reached skill level 10 in Dodging
  5704 | Lair:4   | Received a gift from Okawaru
  5705 | Lair:4   | D:
  5724 | Lair:4   | Noticed a six-headed hydra
  5733 | Lair:4   | Killed a one-headed hydra
  5752 | Lair:4   | Found an ancient bone altar of Kikubaaqudgha.
  5789 | Lair:4   | Found a labyrinth entrance.
  5806 | Lab      | Entered a labyrinth
  5872 | Lab      | Noticed a minotaur
  5885 | Lab      | Killed a minotaur
  5888 | Lab      | Got an encrusted steam dragon armour
  5904 | Lab      | Identified the cursed +0 steam dragon armour of Surprise {rF- MP-9 Str+9} (You found it in a labyrinth)
  6040 | Lair:5   | Reached XP level 13. HP: 118/118 MP: 13/15
  6089 | Lair:5   | Reached skill level 16 in Axes
  6209 | Lair:7   | Found a staircase to the Slime Pits.
  6241 | Lair:8   | Entered Level 8 of the Lair of Beasts
  6292 | Lair:8   | Reached skill level 17 in Axes
  6491 | Lair:8   | Reached skill level 18 in Axes
  6496 | Lair:8   | Received a gift from Okawaru
  6497 | Lair:8   | D
  6527 | Lair:8   | Noticed a dire elephant
  6538 | Lair:8   | Killed a dire elephant
  6546 | Lair:8   | Identified Dym Lev's Incunabulum of Translocation (You found it on level 8 of the Lair of Beasts)
  6550 | Lair:8   | Learned a level 2 spell: Blink
  6555 | Lair:8   | Learned a level 4 spell: Passage of Golubria
  6559 | Lair:8   | Drew Focus: Str increased to 23, Int decreased to 8
  6681 | Lair:7   | Splashed by an oklob plant's acid

Action                   |  1- 3 |  4- 6 |  7- 9 | 10-12 | 13-15 || total
-------------------------+-------+-------+-------+-------+-------++-------
Melee: War axe           |    28 |    56 |   145 |   815 |   193 ||  1237
Invok: Heroism           |       |       |     6 |    36 |     7 ||    49
       Finesse           |       |       |       |     5 |     2 ||     7
 Abil: Spit Poison       |       |       |       |     1 |       ||     1
Evoke: Wand              |       |       |       |     4 |       ||     4
       Deck              |       |       |       |       |     2 ||     2
  Use: Scroll            |     2 |     4 |     9 |    11 |     3 ||    29
       Potion            |     1 |     1 |     1 |       |       ||     3
 Stab: Sleeping          |       |       |       |     6 |     1 ||     7
       Distracted        |       |       |       |     1 |       ||     1
       Petrified         |       |       |       |       |     1 ||     1
  Eat: Chunk             |       |       |     9 |    18 |     3 ||    30
       Fruit             |       |       |     1 |     2 |       ||     3
       Pizza             |       |       |       |     1 |       ||     1
       Beef jerky        |       |       |       |       |     1 ||     1
